Map: Daybreak LE (Void)

Players

DuDz - Winner!

  • Race: Zerg Zerg
  • League: Platinum
  • Spawn Location: 1:00

alssnB

  • Race: Terran Terran
  • League: Platinum
  • Spawn Location: 7:00

VOD

Have the link to the VOD?

Description

Time

  • Played on: Jan. 24, 2017, 6:17 a.m.
  • Length: 10:47
Show
View Real Time Build Order
Export as new Build Order

DuDz Zerg - Winner!

Build Orders: Pool First 

Get SALT Encoding   

  12  0:02  Drone  
  13  0:09  Drone  
  14  0:18  Overlord  
  14  0:25  Extractor, Drone  
  15  0:36  Drone x2  
  17  0:46  Spawning Pool  
  16  0:50  Extractor  
  16  0:52  Drone  
  16  0:57  Drone  
  17  1:22  Hatchery  
  17  1:24  Drone  
  17  1:36  Queen  
  19  1:48  Zergling x6  
  22  1:59  Overlord  
  22  2:04  Metabolic Boost  
  22  2:17  Queen  
  22  2:20  Drone  
  25  2:28  Drone  
  26  2:35  Drone x2  
  28  2:41  Queen  
  30  3:00  Drone x3  
  30  3:04  Pneumatized Carapace  
  33  3:06  Overlord  
  33  3:13  Drone  
  33  3:14  Drone  
  35  3:24  Queen  
  37  3:27  Drone x2  
  39  3:36  Overlord  
  39  3:41  Drone x4  
  41  3:44  Extractor  
  41  3:47  Extractor  
  40  3:52  Lair  
  40  3:57  Extractor  
  39  4:04  Overlord, Drone  
  39  4:05  Drone x2  
  42  4:20  Hatchery  
  41  4:25  Roach Warren  
  41  4:31  Drone x2  
  42  4:32  Drone x2  
  42  4:36  Drone  
  45  4:53  Overlord x3  
  45  5:00  Drone  
  45  5:01  Drone x6  
  52  5:16  Glial Reconstitution  
  52  5:18  Roach  
  52  5:19  Roach x3  
  60  5:27  Roach x3  
  60  5:28  Roach  
  68  5:36  Roach x3  
  68  5:42  Roach x2  
  80  5:43  Roach  
  80  5:51  Overlord x2  
  80  6:06  Overlord  
  78  6:25  Drone  
  79  6:26  Drone x6  
  79  6:27  Drone  
  86  6:34  Roach  
  86  6:35  Roach x3  
  90  6:42  Spine Crawler  
  87  6:48  Roach x3  
  87  6:49  Roach x2  
  87  6:51  Spine Crawler  
  87  6:53  Spine Crawler  
  95  6:58  Ravager  
  95  6:59  Ravager x2  
  98  7:03  Overlord x2  
  98  7:04  Overlord  
  98  7:05  Tunneling Claws  
  98  7:07  Burrow  
  98  7:21  Overlord x2  
  98  7:23  Ravager  
  98  7:24  Ravager  
  98  7:28  Drone x3  
  103  7:37  Drone x4  
  99  7:52  Roach x8  
  103  8:01  Roach  
  103  8:02  Roach x2  
  107  8:08  Drone x2  
  107  8:10  Spine Crawler x2  
  107  8:14  Hydralisk Den  
  89  8:42  Drone  
  89  8:43  Drone x2  
  82  9:01  Roach  
  82  9:02  Roach x12  
  102  9:04  Hatchery  
  101  9:10  Muscular Augments  
  101  9:13  Extractor  
  101  9:14  Extractor  
  99  9:18  Zergling x10  
  99  9:19  Zergling x4  
  106  9:28  Roach x2  
  106  9:29  Roach  
  109  9:45  Ravager  
  104  9:46  Ravager x5  
  104  9:49  Zergling x24  
  121  10:02  Drone x3  
  125  10:07  Ravager x4  
  125  10:13  Overlord x3  
  128  10:17  Drone  
  128  10:18  Drone  
  128  10:20  Overlord  
  132  10:29  Hatchery  
Show
View Real Time Build Order
Export as new Build Order

alssnB Terran 

Build Orders:  

Get SALT Encoding   

  12  0:01  SCV  
  13  0:13  SCV  
  14  0:18  Supply Depot  
  14  0:25  SCV  
  15  0:29  Refinery  
  15  0:39  SCV  
  16  0:46  Barracks  
  16  0:52  SCV  
  17  1:04  SCV  
  18  1:16  SCV  
  19  1:28  SCV  
  20  1:35  Reaper  
  21  1:43  Orbital Command  
  21  2:00  Factory  
  21  2:10  Command Center  
  21  2:12  SCV  
  21  2:15  Refinery  
  22  2:16  Barracks Reactor  
  22  2:34  SCV  
  22  2:36  Supply Depot  
  23  2:53  Factory  
  24  3:05  SCV  
  24  3:07  Barracks Reactor  
  24  3:09  Hellion x2  
  28  3:17  SCV  
  29  3:22  Supply Depot  
  29  3:23  Orbital Command  
  29  3:30  Cyclone x2  
  35  3:35  SCV  
  36  3:52  Supply Depot  
  36  3:53  SCV x2  
  38  4:03  Supply Depot  
  38  4:06  Cyclone  
  41  4:19  Engineering Bay  
  41  4:21  SCV x2  
  41  4:22  Supply Depot  
  43  4:27  Cyclone  
  46  4:35  Cyclone  
  49  4:48  SCV x2  
  51  4:53  Cyclone  
  51  4:54  Hellion  
  58  5:00  SCV x2, Hellion  
  58  5:03  Refinery  
  60  5:07  Cyclone  
  63  5:15  Hellion  
  65  5:26  Cyclone  
  65  5:27  Hellion  
  65  5:28  Supply Depot  
  70  5:30  Supply Depot x2  
  70  5:37  Hellion  
  72  5:49  Cyclone  
  75  5:52  Cyclone  
  78  5:58  Hellion  
  78  5:59  Hellion  
  82  6:20  Hellion x2  
  82  6:21  Cyclone  
  82  6:24  Hellion  
  87  6:41  Hellion  
  87  6:44  Hellion  
  87  6:45  Cyclone  
  94  6:53  Cyclone  
  97  6:58  SCV x2  
  97  6:59  Refinery  
  99  7:01  Supply Depot  
  99  7:03  Supply Depot  
  99  7:05  Command Center  
  99  7:08  Armory  
  99  7:10  SCV x2  
  101  7:26  Cyclone  
  101  7:27  Supply Depot, Cyclone  
  101  7:29  Hellion  
  94  7:57  Cyclone x2  
  85  7:59  Hellion  
  85  8:04  Cyclone  
  81  8:20  Hellion  
  76  8:29  Hellion  
  76  8:31  Cyclone  
  69  8:36  Cyclone  
  72  8:41  Hellion  
  74  8:51  Hellion  
  74  8:53  Planetary Fortress  
  57  9:03  Hellion x2  
  57  9:06  Missile Turret  
  57  9:09  Cyclone  
  64  9:14  Factory  
  64  9:16  Factory  
  64  9:21  Factory  
  64  9:23  SCV  
  58  9:46  Hellion x2, Cyclone x2  
  66  10:17  Factory Tech Lab x2  
  66  10:18  Factory Tech Lab  
  66  10:20  Hellion x3  
Tags
 
Add a new tag
Caveats
  • Supply blocks, unpowered buildings, or Contaminate may cause inaccurate times.
  • Supply counts are checked every 10 seconds.